 Dungeon Crawl Stone Soup version 0.23.2-33-g5129a83184 (webtiles) character file.

Game seed: 3870923949331034101

60 t4s4d4r the Insei (level 4, -1/28 HPs)
             Began as an Octopode Transmuter on July 16, 2019.
             Succumbed to Sigmund's poison
             ... on level 2 of the Dungeon.
             The game lasted 00:02:18 (1991 turns).

t4s4d4r the Insei (Octopode Transmuter)             Turns: 1991, Time: 00:02:18

Health: -1/28      AC:  2    Str:  9    XL:     4   Next: 4%
Magic:  1/7        EV: 19    Int: 16    God:
Gold:   148        SH:  0    Dex: 17    Spells: 1/7 levels left

rFire    . . .     SeeInvis .     - Unarmed
rCold    . . .     Gourm    .   (shield currently unavailable)
rNeg     . . .     Faith    .   (helmet currently unavailable)
rPois    x         Spirit   .   (no amulet)
rElec    .         Reflect  .   e - ring of protection from magic
rCorr    .         Harm     .   (no ring)
MR       +....                  (no ring)
Stlth    ++........             (no ring)
HPRegen  0.09/turn              (no ring)
MPRegen  0.10/turn              (no ring)
                                (no ring)
                                (no ring)

@: lethally poisoned (-1 -> -23), spider-form (expiring), very slightly
contaminated
A: tiny, almost no armour, stealthy swim, (amphibious), 8 rings, (constrict 8)
a: End Transformation


You were on level 2 of the Dungeon.
You were not hungry.
You were a venomous arachnid creature.
You visited 1 branch of the dungeon, and saw 2 of its levels.

You collected 148 gold pieces.

Inventory:

Missiles
 a - 26 arrows
 d - 59 stones (quivered)
Jewellery
 e - a ring of protection from magic (left front leg)
Scrolls
 b - a scroll of amnesia {unknown}
 f - 4 scrolls of magic mapping {unknown}
 i - 2 scrolls of teleportation {unknown}
 j - a scroll of immolation {unknown}
Potions
 g - a potion of invisibility {unknown}
 h - 2 potions of degeneration {unknown}
 k - a potion of ambrosia {unknown}
 m - a potion of resistance {unknown}
 n - a potion of agility {unknown}
Comestibles
 c - 4 rations


   Skills:
 - Level 1.0 Fighting
 - Level 2.0 Dodging
 + Level 4.8 Unarmed Combat
 - Level 2.0 Spellcasting
 - Level 2.0 Transmutations


You had one spell level left.
You knew the following spells:

 Your Spells              Type           Power        Failure   Level  Hunger
a - Beastly Appendage     Tmut           #.....       22%         1    #......
b - Sticks to Snakes      Tmut           #.......     32%         2    ###....
c - Spider Form           Tmut/Pois      #.........   61%         3    ###....

Your spell library contained the following spells:

 Spells                   Type           Power        Failure   Level  Hunger
 Ice Form                 Ice/Tmut       #.......     92%         4    #####..
 Blade Hands              Tmut           #.........   98%         5    ######.


Dungeon Overview and Level Annotations

Branches:
Dungeon (2/15)

Altars:
Dithmenos
Elyvilon

Annotations:
D:2 Sigmund


Innate Abilities, Weirdness & Mutations

You cannot wear most types of armour.
You are very stealthy in the water. (Stealth+)
((You are amphibious.))
You can wear up to eight rings at the same time.
((You can use your tentacles to constrict eight enemies at once.))
((Your skin changes colour to match your surroundings (Stealth+).))
((Your rubbery body absorbs attacks. (AC +1, EV +1)))


Message History

You miscast Spider Form.
You are very lightly contaminated with residual magic.
You feel a strange surge of energy!
Casting: Spider Form (slightly dangerous; 38% risk of failure)
Confirm with . or Enter, or press ? or * to list all spells.
You turn into a venomous arachnid creature.
Sigmund gestures at you while chanting. The puff of flame hits you!
Sigmund hits you with a +3 scythe of venom!
You are lethally poisoned!
You barely miss Sigmund.
You feel sick.
You barely miss Sigmund.
* * * LOW HITPOINT WARNING * * *
You feel sick.
Sigmund breathes a few words.
Sigmund's hands start flickering wildly.
Sigmund hits you with a +3 scythe of venom!
* * * LOW HITPOINT WARNING * * *
You hit Sigmund but do no damage.
You die...

.#...###.##.########.#........
..............................
.#...####.#.#.#####..#.#......
............#.# #...รท.......
#########.#.#.#####....#......
#...[.......#....##.####
#................##.#### ##
..####...........#..#.##...#.
...#..#.........s@...........#(#.
.#....#.######..###.........##.#.
.#.#... #..###..............
.#..... #...##.........##.#.
..... ......#.##.........##.#.
..##.# ...####............##.#.
..##.#.#... #............##.#.
..#..#.#.. #............##.#.
..##.#.#.. #....##.#######.#.


You could see Sigmund.

Vanquished Creatures
  Terence (D:2)
  A dart slug (D:2)
  3 bats (D:1)
  4 giant cockroaches
  4 goblins
  2 hobgoblins
  2 jackals (D:1)
  A quokka (D:2)
  3 frilled lizards
  4 kobolds (D:1)
  7 rats
32 creatures vanquished.

Notes
Turn   | Place    | Note
-------+----------+-------------------------------------------
     0 | D:1      | t4s4d4r the Octopode Transmuter began the quest for the
                  | Orb.
     0 | D:1      | Reached XP level 1. HP: 13/13 MP: 3/3
   335 | D:1      | Reached XP level 2. HP: 15/18 MP: 5/5
   342 | D:1      | Learned a level 2 spell: Sticks to Snakes
   605 | D:1      | Reached skill level 4 in Unarmed Combat
  1008 | D:2      | Reached XP level 3. HP: 11/23 MP: 6/6
  1021 | D:2      | Learned a level 3 spell: Spider Form
  1394 | D:2      | Noticed Terence
  1404 | D:2      | Killed Terence
  1498 | D:2      | Found a white marble altar of Elyvilon.
  1660 | D:2      | Noticed Sigmund
  1661 | D:2      | Reached XP level 4. HP: 28/28 MP: 5/7
  1830 | D:2      | Found a shadowy altar of Dithmenos.
  1990 | D:2      | HP: 1/28 [Sigmund/+3 scythe of venom (7)]
  1991 | D:2      | Succumbed to Sigmund's poison

Skill      XL: |  1  2 |
---------------+-------+-----
Unarmed Combat | 4 |  4.8
Fighting       | |  1.0
Dodging        | |  2.0
Spellcasting   | |  2.0
Transmutations | |  2.0

Action                   |  1- 3 |  4- 6 || total
-------------------------+-------+-------++-------
Melee: Unarmed           |    64 |     8 ||    72
       Constrict         |    13 |     2 ||    15
       Tentacles         |     8 |     2 ||    10
       Kick              |     2 |     1 ||     3
Throw: Stone             |     1 |       ||     1
 Cast: Beastly Appendage |     2 |       ||     2
       Spider Form       |     1 |     1 ||     2
 Stab: Sleeping          |     1 |       ||     1
  Eat: Chunk             |     1 |     3 ||     4
Armor: Skin              |     5 |     1 ||     6
Dodge: Dodged            |    46 |     1 ||    47
